Cogmind - Beta 13 @@@ ROGUE MODE // 2024.04.23 @ 14:42:27 Player: Dosh Result: Core destroyed Performance ------------- Evolutions (1) 500 Regions Visited (5) 1000 Robots Destroyed (90) 450 Value Destroyed (2325) 2325 Prototype IDs (31) 620 Alien Tech Used (0) 0 Bonus (409) 409 TOTAL SCORE: 5304 Bonus ------- High Alert Combat Kills 109 Aligned with FarCom 300 Cogmind --------- Core Integrity 0/400 Matter 226/300 Energy 100/100 System Corruption 45% Temperature Cool (0) Movement Core (950) Ox18 Location -9/Exiles Parts ------- > --- POWER (1) -------- Heavy Ion Engine > --- PROPULSION (2) --- Improved Treads Improved Treads > --- UTILITY (4) ------ High-capacity Storage Unit Light Armor Plating Light Armor Plating Shield Generator > --- WEAPON (2) ------- (None) > --- INVENTORY (20) --- Light Nuclear Core Light Treads Light Treads Light Treads Wheel Huge Storage Unit Cargo Storage Unit Shield Generator Hacking Suite Improved EM Shotgun Heavy Assault Rifle Heavy Assault Rifle Heavy Assault Rifle Grenade Launcher Grenade Launcher Maul Peak State ------------ > --- POWER ------------ Heavy Ion Engine > --- PROPULSION ------- Improved Treads Improved Treads > --- UTILITY ---------- High-capacity Storage Unit Light Armor Plating Shield Generator Hacking Suite > --- WEAPON ----------- Heavy Assault Rifle Heavy Assault Rifle > --- INVENTORY -------- Ion Engine Ion Engine Light Nuclear Core Light Nuclear Core Light Treads Light Treads Light Treads Wheel Huge Storage Unit Cargo Storage Unit Light Armor Plating Shield Generator Hacking Suite Improved EM Shotgun Heavy Assault Rifle Heavy Assault Rifle Grenade Launcher Grenade Launcher Maul [Rating: 21] Favorites ----------- Power Ion Engine Engine Ion Engine Power Core Light Nuclear Core Propulsion Light Treads Treads Light Treads Utility Shield Generator Device Shield Generator Storage High-capacity Storage Unit Hackware Hacking Suite Protection Light Armor Plating Weapon Heavy Assault Rifle Energy Gun Medium Laser Ballistic Gun Heavy Assault Rifle Launcher Grenade Launcher Impact Weapon Maul Build | -11 -10 -10 -9 -9 -9 ------- Run | Yrd Mat Min Mat Min Exi Slots Evolved 2 | . . . 2 . . Power . | . . . . . . Propulsion . | . . . . . . Utility 2 | . . . 2 . . Weapon . | . . . . . . Parts Attached 45 | 6 15 2 19 3 . Power 5 | 1 2 . 2 . . Engine 4 | 1 2 . 1 . . Core 1 | . . . 1 . . Reactor . | . . . . . . Propulsion 12 | 2 3 . 7 . . Treads 12 | 2 3 . 7 . . Leg . | . . . . . . Wheel . | . . . . . . Hover . | . . . . . . Flight . | . . . . . . Utility 12 | 1 4 . 5 2 . Device 4 | . 2 . 2 . . Storage 3 | 1 2 . . . . Processor . | . . . . . . Hackware 1 | . . . 1 . . Protection 4 | . . . 2 2 . Artifact . | . . . . . . Weapon 16 | 2 6 2 5 1 . Energy Gun 1 | 1 . . . . . Energy Cannon . | . . . . . . Ballistic Gun 10 | 1 4 1 3 1 . Ballistic Cannon . | . . . . . . Launcher 3 | . 2 . 1 . . Special Weapon . | . . . . . . Impact Weapon 2 | . . 1 1 . . Slashing Weapon . | . . . . . . Piercing Weapon . | . . . . . . Special Melee Weapon . | . . . . . . Unidentified Prototypes . | . . . . . . Parts Lost 4 | . . . 1 3 . Power . | . . . . . . Propulsion . | . . . . . . Utility 3 | . . . 1 2 . Weapon 1 | . . . . 1 . Highest Loss Streak 2 | . . . 1 2 . To Critical Strikes . | . . . . . . Average Slot Usage (%) 95 | . 99 100 94 99 77 Engine 12 | . 14 14 10 11 11 Treads 24 | . 27 28 22 22 22 Device 12 | . 13 14 10 11 11 Storage 12 | . 14 14 11 11 11 Hackware 2 | . . . 8 . . Protection 8 | . . . 8 21 22 Ballistic Gun 21 | . 24 26 21 21 . Naked Turns . | . . . . . . Heaviest Build 62 | 13 53 53 59 62 56 Greatest Support 46 | 40 40 40 46 46 46 Greatest Overweight (x) 1 | 1 1 1 1 1 1 Average Overweight (x) . | . . 1 1 1 1 Largest Inventory Capacity 20 | 8 20 20 20 20 20 Average Capacity 18 | 7 15 20 20 20 20 Most Carried 20 | 3 15 15 20 18 17 Average Carried 14 | 1 10 14 18 16 16 Final Capacity 20 | 8 20 20 20 20 20 Final Carried 18 | 3 14 15 18 15 17 Class Distribution -------------------- 89% | Mutant 10% | Scavenger-Mutant Dominant Class ---------------- Mutant | -10/Materials Mutant | -10/Mines Mutant | -9/Materials Mutant | -9/Mines Mutant | -9/Exiles Resources | -11 -10 -10 -9 -9 -9 ----------- Run | Yrd Mat Min Mat Min Exi Matter Collected 1649 | 189 421 105 677 257 . Remotely . | . . . . . . Salvage Created 2920 | . 836 366 1371 347 . Parts 209 | . 55 26 107 21 . Haulers Intercepted 4 | . 2 . 2 . . Recyclers Shooed 1 | . 1 . . . . Parts Field Recycled . | . . . . . . Retrieved Matter . | . . . . . . Parts Self-Destructed . | . . . . . . Prevented . | . . . . . . Kills | -11 -10 -10 -9 -9 -9 ------- Run | Yrd Mat Min Mat Min Exi Combat Hostiles Destroyed 72 | . 20 11 32 9 . Melee 1 | . . 1 . . . Guns 61 | . 14 10 28 9 . AOE 10 | . 6 . 4 . . Classes Destroyed 12 | . 5 . 5 2 . Worker 1 | . . . 1 . . Builder 1 | . . . 1 . . Tunneler 1 | . . . 1 . . Hauler 4 | . 2 . 2 . . Recycler 3 | . 1 1 . 1 . Operator 2 | . . . 2 . . Watcher 6 | . 3 . 3 . . Swarmer 19 | . 3 6 6 4 . Grunt 45 | . 17 5 20 3 . Brawler 1 | . . . . 1 . Duelist 1 | . . . . 1 . Sentry 6 | . . . 6 . . Best Kill Streak 16 | . 5 3 16 2 . Combat Bots Only 8 | . 5 3 8 2 . Max Kills in Single Turn 3 | . 3 2 3 1 . Gunslinging 1 | . . 1 1 . . Exploded 3 | . 3 . 3 . . Melee 1 | . . 1 . . . Uniques/NPCs Destroyed . | . . . . . . Combat | -11 -10 -10 -9 -9 -9 -------- Run | Yrd Mat Min Mat Min Exi Hostile Shots Fired 250 | . 68 27 114 41 . Missed 75 | . 20 11 35 9 . Damage Taken 2033 | . 524 122 775 322 290 Core 503 | . 82 19 142 12 248 Absorbed by Shields 499 | . 33 48 289 121 8 Regen/Repaired (Parts) 107 | . 88 . 19 . . Core Remaining (%) 79 | 100 . 59 . . . Volleys Fired 184 | . 58 15 80 31 . Largest 2 | . 2 2 2 2 . Hottest 80 | . 80 46 53 46 . Shots Fired 366 | . 112 30 160 64 . Gun 359 | . 108 30 157 64 . Cannon . | . . . . . . Launcher 7 | . 4 . 3 . . Special . | . . . . . . Kinetic 328 | . 77 30 157 64 . Thermal 31 | . 31 . . . . Explosive 7 | . 4 . 3 . . Electromagnetic . | . . . . . . Robot Hit Streak 14 | . 14 10 12 5 . Robot Miss Streak 4 | . 3 2 2 4 . Penetration Max . | . . . . . . Secondary Targets 4 | . 1 1 1 1 . Max Gunslinging Chain 1 | . 1 1 1 1 . Shots Hit Robots 230 | . 74 19 104 33 . Core Hits 127 | . 44 14 58 11 . Critical Kills 3 | . . . 2 1 . Critical Parts Destroyed 4 | . 1 . 3 . . Critical Strikes 11 | . 5 . 5 1 . Burn 4 | . 4 . . . . Destroy 7 | . 1 . 5 1 . Melee Attacks 14 | . . 13 1 . . Impact 14 | . . 13 1 . . Slashing . | . . . . . . Piercing . | . . . . . . Sneak Attacks . | . . . . . . Combat Hostiles . | . . . . . . Follow-up Attacks . | . . . . . . Damage Inflicted 4150 | . 1390 393 1783 530 54 Guns 3380 | . 987 287 1591 515 . Cannons . | . . . . . . Explosions 564 | . 380 . 184 . . Melee 59 | . . 59 . . . Ramming 147 | . 23 47 8 15 54 Kinetic 3065 | . 672 287 1591 515 . Thermal 315 | . 315 . . . . Explosive 564 | . 380 . 184 . . Electromagnetic . | . . . . . . Impact 59 | . . 59 . . . Slashing . | . . . . . . Piercing . | . . . . . . Highest Corruption 45 | . . . . 5 45 Average Corruption 8 | . . . . 5 14 Corruption Purged . | . . . . . . Corruption Blocked . | . . . . . . Effects 66 | . . . . 37 29 Message Errors 16 | . . . . 11 5 Matter Fused 17 | . . . . 8 9 Heat Flow Errors 9 | . . . . 2 7 Energy Discharges 8 | . . . . 3 5 Data Loss (minor) 8 | . . . . 7 1 Data Loss (major) 4 | . . . . 3 1 Misfires 2 | . . . . 2 . Alerts 2 | . . . . 1 1 Overload Shots . | . . . . . . Overflow Damage . | . . . . . . Projectiles . | . . . . . . Explosions . | . . . . . . Melee . | . . . . . . Knockbacks 2 | . . 1 . 1 . Impact 2 | . . 1 . 1 . Kinetic . | . . . . . . Secondary . | . . . . . . Self-Inflicted Damage 54 | . . . . . 54 Shots . | . . . . . . Rammed 23 | . 8 11 3 1 . Targets Rammed 26 | . 9 12 3 2 . Kicked . | . . . . . . Crushed 3 | . 1 1 . 1 . Highest Temperature 254 | . 132 1 12 172 254 Average Temperature 56 | . 27 1 4 46 100 Received Heat Transfer 607 | . 275 42 246 44 . Siege Activations . | . . . . . . Robots Corrupted . | . . . . . . Combat Hostiles . | . . . . . . Parts Fried . | . . . . . . Impact Corruptions . | . . . . . . Robots Melted . | . . . . . . Combat Hostiles . | . . . . . . Parts Melted 5 | . 5 . . . . Heat Transferred 1184 | . 1184 . . . . Parts Sabotaged . | . . . . . . Parts Stolen . | . . . . . . Parts Stripped . | . . . . . . Power Chain Reactions . | . . . . . . Alert | -11 -10 -10 -9 -9 -9 ------- Run | Yrd Mat Min Mat Min Exi Peak Influence 588 | . 378 170 588 262 . Initial 142 | . . 45 23 142 . Average 173 | . 158 32 378 91 . Maximum Alert Level 2 | . 1 . 2 1 . Low Security (%) 65 | 100 70 100 6 92 . Level 1 22 | . 29 . 45 7 . Level 2 12 | . . . 47 . . Level 3 . | . . . . . . Level 4 . | . . . . . . Level 5 . | . . . . . . High Security . | . . . . . . Max Security . | . . . . . . Squads Dispatched 13 | . 5 . 8 . . Investigation 10 | . 5 . 5 . . Extermination . | . . . . . . Reinforcement 3 | . . . 3 . . Assault . | . . . . . . Garrison . | . . . . . . Intercept . | . . . . . . Searches Triggered . | . . . . . . Construction Impeded . | . . . . . . Haulers Reinforced . | . . . . . . Active Scanning Responses . | . . . . . . Cargo Convoy Interrupts . | . . . . . . Stealth | -11 -10 -10 -9 -9 -9 --------- Run | Yrd Mat Min Mat Min Exi Distress Signals 4 | . . 1 3 . . Communications Jammed . | . . . . . . Distress Signals . | . . . . . . Times Spotted 94 | . 24 11 47 12 . Peak Tracking Total 6 | . 5 3 6 4 . Tactical Retreats 2 | . . . 1 1 . Traps | -11 -10 -10 -9 -9 -9 ------- Run | Yrd Mat Min Mat Min Exi Traps Triggered 1 | . 1 . . . . Indirectly . | . . . . . . Trap Hack Attempts . | . . . . . . Triggered . | . . . . . . Disarmed . | . . . . . . Reprogrammed 6 | . 6 . . . . Reused . | . . . . . . Traps Extracted . | . . . . . . Installed . | . . . . . . Triggered . | . . . . . . Machines | -11 -10 -10 -9 -9 -9 ---------- Run | Yrd Mat Min Mat Min Exi Machines Disabled 2 | . . . 2 . . Max in Single Turn 1 | . . . 1 . . Machines Repaired . | . . . . . . Machines Dismantled . | . . . . . . Machines Sabotaged . | . . . . . . Overloaded Fab Kills . | . . . . . . Hacking | -11 -10 -10 -9 -9 -9 --------- Run | Yrd Mat Min Mat Min Exi Machines Accessed 25 | . 11 . 12 . 2 Terminals 16 | . 8 . 8 . . Fabricators . | . . . . . . Repair Stations 2 | . 1 . 1 . . Recycling Units 4 | . 2 . 2 . . Scanalyzers 1 | . . . 1 . . Garrison Access . | . . . . . . Total Hacks 58 | . 29 . 27 . 2 Successful 30 | . 10 . 18 . 2 Failed 26 | . 18 . 8 . . Catastrophic 5 | . 4 . 1 . . Database Lockouts 2 | . 1 . 1 . . Manual 35 | . 16 . 18 . 1 Terminals 44 | . 24 . 20 . . Fabricators . | . . . . . . Repair Stations 4 | . 2 . 2 . . Recycling Units 5 | . 3 . 2 . . Scanalyzers 3 | . . . 3 . . Garrison Access . | . . . . . . Terminal Hacks 15 | . 6 . 7 . 2 Record 1 | . . . . . 1 Robot Analysis 3 | . 2 . 1 . . Prototype ID Bank 5 | . 3 . 2 . . Alert Level 1 | . . . 1 . . Unreport Threat 2 | . . . 2 . . Reprogram Traps 1 | . 1 . . . . Hauler Manifests 1 | . . . 1 . . Derelict Proto ID Bank 1 | . . . . . 1 Fabricator Hacks . | . . . . . . Repair Station Hacks 4 | . 2 . 2 . . Scan Component 2 | . 1 . 1 . . Repair 2 | . 1 . 1 . . Recycling Unit Hacks . | . . . . . . Scanalyzer 2 | . . . 2 . . Insert Component 1 | . . . 1 . . Analyze 1 | . . . 1 . . Garrison Access Hacks . | . . . . . . Unauthorized Hacks 9 | . 2 . 7 . . Terminals 4 | . . . 4 . . Track 1 | . . . 1 . . Botnet 2 | . . . 2 . . Operators 1 | . . . 1 . . Fabricators . | . . . . . . Repair Stations . | . . . . . . Recycling Units 4 | . 2 . 2 . . Tunnel 4 | . 2 . 2 . . Scanalyzers 1 | . . . 1 . . Extract 1 | . . . 1 . . Garrison Access . | . . . . . . Data Cores Recovered . | . . . . . . Used . | . . . . . . Hacking Detections 18 | . 10 . 8 . . Full Trace Events 4 | . 2 . 2 . . Feedback Events . | . . . . . . Feedback Blocked . | . . . . . . Robot Schematics Acquired . | . . . . . . Robots Built . | . . . . . . Authchips . | . . . . . . Time . | . . . . . . Total Robot Build Rating . | . . . . . . Part Schematics Acquired 3 | . . . 3 . . Parts Built . | . . . . . . Authchips . | . . . . . . Time . | . . . . . . Total Part Build Rating . | . . . . . . Parts Repaired 2 | . 1 . 1 . . Time 58 | . 26 . 32 . . Parts Recycled . | . . . . . . Recycled Matter . | . . . . . . Retrieved Matter . | . . . . . . Retrieved Components . | . . . . . . Parts Scanalyzed 1 | . . . 1 . . Part Schematics Acquired 1 | . . . 1 . . Parts Damaged . | . . . . . . Bothacking | -11 -10 -10 -9 -9 -9 ------------ Run | Yrd Mat Min Mat Min Exi Used RIF Installer . | . . . . . . Robots Hacked . | . . . . . . Non-combat . | . . . . . . Combat . | . . . . . . Robot Hacks Applied . | . . . . . . Relay Couplers Released . | . . . . . . Fabnet Peak Effective % . | . . . . . . Robots Rewired . | . . . . . . Allies Hacked . | . . . . . . Hacks Repelled . | . . . . . . Allies | -11 -10 -10 -9 -9 -9 -------- Run | Yrd Mat Min Mat Min Exi Total Allies 6 | . . 3 . 3 . Largest Group 3 | . . 2 . 3 3 Highest-Rated Group 41 | . . 41 . 40 40 Highest-Rated Ally 31 | . . 31 . 16 16 Total Orders . | . . . . . . Ally Attacks 1 | . . 1 . . . Total Damage . | . . . . . . Kills . | . . . . . . Allies Corrupted . | . . . . . . Allies Melted . | . . . . . . Intel | -11 -10 -10 -9 -9 -9 ------- Run | Yrd Mat Min Mat Min Exi Robot Analysis Total 3 | . 2 . 1 . . Derelict Logs Recovered 3 | . . 2 . 1 . Drone Launches . | . . . . . . Drone Recoveries . | . . . . . . Exploration | -11 -10 -10 -9 -9 -9 ------------- Run | Yrd Mat Min Mat Min Exi Turns Passed 8286 | 83 2325 1578 1913 1495 892 Spaces Moved 3002 | 49 1022 512 632 581 206 Core 8 | 8 . . . . . Treads 2994 | 41 1022 512 632 581 206 Legs . | . . . . . . Wheels . | . . . . . . Hover . | . . . . . . Flight . | . . . . . . Fastest Speed 50 | 50 160 240 240 240 240 Average Speed 225 | 147 201 240 240 240 240 Slowest Speed 240 | 160 240 240 240 240 240 Overloaded Moves . | . . . . . . Propulsion Burnouts . | . . . . . . Robots Hopped . | . . . . . . Cave-ins Triggered . | . . . . . . Exploration Rate (%) 70 | 4 98 99 74 97 51 Regions Visited 5 Branch Regions 3 Pre-discovered Areas 6 | . 2 . 2 1 1 Known Exits Taken 1 | . . . 1 . . Unknown Exits Taken 4 | 1 1 1 . 1 . Scrap Searched 3 | . . 1 . 2 . Spaces Dug 1 | . . . 1 . . Terrain Destroyed 32 | . 27 . 5 . . Melee 1 | . . . 1 . . Projectile . | . . . . . . AOE 31 | . 27 . 4 . . Terrain Rammed 44 | . . . . . 44 Walls Destroyed . | . . . . . . Machines Disabled . | . . . . . . Actions | -11 -10 -10 -9 -9 -9 --------- Run | Yrd Mat Min Mat Min Exi Total 3752 | 57 1173 788 865 618 251 Wait 399 | . 51 234 112 2 . Move 2997 | 48 1021 511 631 580 206 Hop . | . . . . . . Pick Up 20 | 3 10 1 6 . . Fast Attach 12 | 6 3 . 3 . . Attach 4 | . . . 1 3 . Detach 2 | . . . . . 2 Swap 29 | . 12 2 15 . . Drop 22 | . 9 . 13 . . Fire 184 | . 58 15 80 31 . Melee 14 | . . 13 1 . . Ram 43 | . . . . . 43 Kick . | . . . . . . Crush 26 | . 9 12 3 2 . Escape Stasis . | . . . . . . Rewire . | . . . . . . Trap . | . . . . . . Miscellaneous . | . . . . . . Route ------- -11/Scrapyard -10/Materials (discovered 4 exits: *Mat x3 / [*Min]) -10/Mines (discovered 2 exits: *Mat x2) -9/Materials (discovered 4 exits: [*Mat x2] / *Min x2) -9/Mines (discovered 3 exits: [*Mat x2] / *Exi) -9/Exiles History --------- Turn | Location | Event 8 | -11/Scrapyard | Discovered new exit (range 15) 84 | -11/Scrapyard | Entered Materials 316 | -10/Materials | Build established: Mutant 376 | -10/Materials | Repaired Lgt. Treads 442 | -10/Materials | Discovered new exit (range 16) 841 | -10/Materials | Discovered new exit (range 8) 1142 | -10/Materials | Discovered new exit (range 3) 1892 | -10/Materials | Central database locked down 1909 | -10/Materials | Discovered new exit (range 16) 2409 | -10/Materials | Entered Mines 2549 | -10/Mines | Learned 2 Materials zone layouts 2573 | -10/Mines | Discovered new exit (range 4) 2730 | -10/Mines | Learned Materials garrison access intel 2802 | -10/Mines | Received a Mining Laser from a helpful Derelict 3087 | -10/Mines | Discovered new exit (range 4) 3417 | -10/Mines | Excavation squad dispatched 3417 | -10/Mines | A large section of the Mines collapsed 3987 | -10/Mines | Entered Materials 3987 | -9/Materials | Evolved 2 slots: Utility x2 3988 | -9/Materials | Identified exit to Mines 4153 | -9/Materials | Destroyed 8 combat bots 4713 | -9/Materials | Repaired Shield Generator 4734 | -9/Materials | Build established: Scavenger-Mutant 4751 | -9/Materials | Discovered new exit (range 5) 5295 | -9/Materials | Discovered exit to Mines (range 12) 5429 | -9/Materials | Discovered new exit (range 4) 5623 | -9/Materials | Build established: Mutant 5859 | -9/Materials | Central database locked down 5900 | -9/Materials | Entered Mines 5971 | -9/Mines | Learned location of Storage (-8) 6002 | -9/Mines | Deemed a non-threat by the Exiles lab entrance 6004 | -9/Mines | Discovered new exit (range 5) 6430 | -9/Mines | Learned location of 1 exit from Materials 6490 | -9/Mines | Discovered new exit (range 9) 7021 | -9/Mines | Discovered new exit (range 3) 7048 | -9/Mines | Assisted by bots powering up and referring to "LRC-V3" 7395 | -9/Mines | Entered Exiles 7395 | -9/Exiles | Accompanied by 3 allies 7454 | -9/Exiles | Met 8R-AWN 7495 | -9/Exiles | Met EX-HEX 7588 | -9/Exiles | Met EX-DEC 7603 | -9/Exiles | Learned location of Zion (-6) 7648 | -9/Exiles | Met EX-BIN 7696 | -9/Exiles | Aligned with FarCom system 7699 | -9/Exiles | Given EX-Vault access code 7754 | -9/Exiles | Opened EX-Vault 7819 | -9/Exiles | Warned to stay clear of 0b10 Research branches 7936 | -9/Exiles | System corruption reached 10% 7965 | -9/Exiles | Core integrity fell below 50% 8117 | -9/Exiles | System corruption reached 30% 8155 | -9/Exiles | Core integrity fell below 20% 8287 | -9/Exiles | Core destroyed Last Messages --------------- 08220_ Destabilizing: System corrupted (+2). 08220_ Destabilizing: System corrupted (+1). 08230_ Slammed into Machine. 08230_ Destabilizing: Core damaged (-12). 08232_ System corrupted: Matter fused (-10). 08239_ Slammed into Machine. 08239_ Destabilizing: System corrupted (+1). 08239_ Destabilizing: Core damaged (-4). 08248_ System corrupted: Heat flow error (+218). 08249_ Slammed into Machine. 08249_ Destabilizing: System corrupted (+2). 08258_ Slammed into Machine. 08263_ System corrupted: Matter fused (-9). 08268_ Slammed into Machine. 08268_ Destabilizing: Core damaged (-16). 08277_ Slammed into Machine. 08277_ Destabilizing: System corrupted (+1). 08280_ H 8F9UN NBUTI5MRKQHRSEAHX3GKM:V&QR#40S 08287_ Slammed into Machine. 08287_ Destabilizing: Core damaged (-16). Map ----- +----------------------------------------------------+ | ????????????????## ###"" """"#???????????????? | | ????????????????#" """"#???????????????? | | ????????????????#" """#???????????????? | | ????????????????#" """#???????????????? | | ????????????????#" """#???????????????? | | ????#???????????#" """#???????????????? | | ??? """????????#" """#???????????????? | | ???" """#???????## """"???????????????? | | ???" ?????????# """#???????????????? | | ??"" ?????????#" "X" """"???????????????? | | ??"" "?????????#" """ #???????????????? | | ?? ""?????????#" """""""""#???????????????? | | ???" "?????????##" ###########???????????????? | | ???# #????????##"" #?????????????????????????? | | ?### ###?######"" #?????????????????????????? | | ##X# #"###""""""" ##????????????????????????? | | """""" " "" ##???###########?????????? | | "" """ " #####"""""""""##????????? | | " " " """ """"##???????? | | "" " #???????? | | " """#???????? | | " "#???????? | | " "##??????? | | g ""###????? | | """""" g """#????? | | ######""" @ g "#????# | | ""##????#####""" ##???# | | """##?????????##""" ##?## | | """##???????????#"""" ### | | ""#????????????#"" | | ##????????????"""" | | ?????????????" | | ???????????" #" | | ???????????? ### | | ??????????? ##?? | | ? ??????????? " ##??? | | ???? ????????????? "" """ ""#???? | | ?????? ?????????????????"" " " ""#" "##???? | | ?????????????????????????##""" """##"""""""##????? | | ??????????????????????????###"""???#########?????? | | ????????????????????????????##???????????????????? | | ?????????????????????????????????????????????????? | | ?????????????????????????????????????????????????? | | ?????????????????????????????????????????????????? | | ?????????????????????????????????????????????????? | | ?????????????????????????????????????????????????? | | ?????????????????????????????????????????????????? | | ?????????????????????????????????????????????????? | | ?????????????????????????????????????????????????? | | ?????????????????????????????????????????????????? | +----------------------------------------------------+ Best States ------------- Heat Dissipation 39 Energy Generation 14 Energy Capacity 280 Matter Stores 300 Matter Capacity 300 Sight Range 16 Terrain Scan Density 10 Armor Coverage 300 Evasion (%) 40 Recoil Reduction 2 Offensive Hacking 10 Item Schematics ----------------- Cargo Storage Unit | -9/Materials | Scanalyzed Lrg. Battery | -9/Materials | Extracted Disposable Heat Sink | -9/Materials | Extracted Robot Schematics ------------------ None Fabricated ------------ Nothing Alien Tech Used ----------------- None Achievements -------------- None Challenges ------------ None Game ------ Seed BombardmentSpliceVibroblade Manual? 0 Play Time 00:19:14 Cumulative 351.1 hours Start 2024.04.23 @ 08:31:09 End 2024.04.23 @ 14:42:27 Sessions 3 Manual Loads 0 Difficulty Rogue Special Mode None Game No. 230 Rogue 230 Adventurer 0 Explorer 0 Win Type - Total 22 Types 15/2/2/1/1/0/0/1/0 Lore% 84 Gallery% 86 Achievement% 78 Wizard Run 0 Options --------- Layout 0 ASCII 0 Keyboard 1 Movement Numpad Keybinds 0 Fullscreen 2 Font 18/SmallcapsGlow Map View 76x50 Zoom Use 0% Tactical HUD 1 Map Filters NONE Filters NONE Steam 1 RUN: 98c3dfdd-b076-48b2-9921-77b730775164